AoeStats
← Nao do Conta de Trabaia

Arena

506701449Analyzed
2v2 RM · 18d ago on Sep 14, 2026· 26m 55s· 4 players
Game mode
Random Map
Map size
Medium (4 player)
Population
200
Speed
Normal
Resources
Standard
Victory
Conquest
Starting age
Dark Age
Ending age
Imperial Age
RankedLock teamsTeams togetherTeam positionsShared explorationLock speedFull tech treeHidden civsTurbo modeCheats
Victory
Defeat
🇮🇹 Ethiopians · Italy
1216
+16
🇩🇪 Vietnamese · Germany
1186
+17
🇧🇷 Malians · Brazil
1244
-18
🇫🇷 Malay · France
1171
-15
D.EvilsToy
11:21 Feudal Age
15:01 Castle Age
13:31 Double-Bit Axe
13:37 Horse Collar
14:40 Scale Mail Armor
15:59 Squires
20:33 Bow Saw
22:17 Forging
26:45 Heavy Plow
luca1997
4:20 Loom
12:38 Feudal Age
15:05 Horse Collar
15:21 Double-Bit Axe
17:40 Castle Age
17:29 Stone Mining
18:44 Squires
18:30 Arson
18:58 Heavy Plow
20:43 Wheelbarrow
19:55 Town Watch
23:55 Scale Mail Armor
24:05 Forging
Nao do Conta de Trabaia
10:29 Feudal Age
14:31 Castle Age
18:18 Loom
Le Tatar Kirghize
8:23 Loom
11:33 Feudal Age
11:25 Double-Bit Axe
12:12 Town Watch
13:32 Horse Collar
Connection lost

Rejoining the realm…

Still unreachable

The connection could not be restored.

Session expired

The server has moved on; the page needs a fresh start.